2351 views
Uploaded 2021-08-12 04:18:37
Game version 1.32.10
14:03 long 1on3 custom game on (6)Dragonblight
Game name "VS CpU COOP"
Saved by HJin
2351 views
Uploaded 2021-08-12 04:18:37
Game version 1.32.10
14:03 long 1on3 custom game on (6)Dragonblight
Game name "VS CpU COOP"

68 units @ 9.9k
/ 1k
43 buildings @ 7k
/ 2.8k

| Healing Salve | 2 | 200 |
| total: | 2 | 200g |
| Peon | 9 | 675 | / | 0 |
| Grunt | 10 | 2000 | / | 0 |
| Tauren | 4 | 1120 | / | 320 |
| Demolisher | 1 | 220 | / | 50 |
| total: | 24 | 4015g | / | 370w |
| Watch Tower | 2 | 220 | / | 160 |
| Altar of Storms | 1 | 180 | / | 50 |
| Orc Burrow | 5 | 800 | / | 200 |
| Barracks | 2 | 360 | / | 100 |
| War Mill | 1 | 205 | / | 0 |
| Voodoo Lounge | 1 | 130 | / | 30 |
| Tauren Totem | 4 | 540 | / | 620 |
| Stronghold | 1 | 315 | / | 190 |
| Fortress | 1 | 325 | / | 190 |
| total: | 16 | 2435g | / | 1160w |
| 0:05 | Altar of Storms |
| 0:06 | Peon |
| 0:08 | Orc Burrow |
| 0:09 | Peon |
| 0:31 | Barracks |
| 0:35 | Barracks |
| 0:44 | Peon |
| 1:05 | Peon |
| 1:27 | Peon |
| 1:36 | Orc Burrow |
| 1:43 | Peon |
| 1:52 | Grunt |
| 2:17 | Feral Spirit |
| 2:35 | Grunt |
| 2:36 | Peon |
| 2:56 | Grunt |
| 3:28 | Stronghold |
| 3:49 | Grunt |
| 4:24 | Far Sight |
| 4:33 | Orc Burrow |
| 5:19 | War Mill |
| 5:38 | Grunt |
| 5:52 | Grunt |
| 6:03 | Grunt |
| 6:16 | Grunt |
| 6:38 | Berserker Strength |
| 6:42 | Tauren Totem |
| 6:48 | Tauren Totem |
| 6:49 | Grunt |
| 6:53 | Orc Burrow |
| 6:56 | Steel Armor |
| 7:03 | Grunt |
| 7:35 | Voodoo Lounge |
| 7:37 | Watch Tower |
| 8:00 | Tauren Totem |
| 8:06 | Fortress |
| 8:32 | Thorium Armor |
| 8:48 | Healing Salve |
| 8:52 | Healing Salve |
| 8:55 | Watch Tower |
| 9:14 | Tauren Totem |
| 10:38 | Tauren |
| 10:50 | Tauren |
| 11:49 | Orc Burrow |
| 11:52 | Arcanite Armor |
| 12:05 | Peon |
| 12:57 | Demolisher |
| 13:00 | Pulverize |
| 13:04 | Peon |
| 13:57 | Tauren |
| 13:58 | Tauren |
| Right click | 446 |
| Select | 225 |
| Select group | 214 |
| Assign group | 72 |
| Build/train/purchase | 48 |
| Misc. action | 40 |
| Use ability | 6 |
| Remove unit | 4 |

| Scroll of Healing | 1 | 250 |
| Periapt of Vitality | 1 | 325 |
| Circlet of Nobility | 1 | 175 |
| Boots of Speed | 1 | 250 |
| Potion of Lesser Invulnerability | 1 | 150 |
| total: | 5 | 1150g |
| Wisp | 9 | 540 | / | 0 |
| Archer | 9 | 1170 | / | 90 |
| Huntress | 2 | 390 | / | 40 |
| Nerubian Warrior | 1 | 215 | / | 0 |
| total: | 21 | 2315g | / | 130w |
| Ancient Protector | 2 | 270 | / | 160 |
| Ancient of War | 2 | 300 | / | 120 |
| Moon Well | 7 | 1260 | / | 280 |
| Altar of Elders | 1 | 180 | / | 50 |
| Hunter's Hall | 1 | 210 | / | 100 |
| Ancient of Wind | 1 | 150 | / | 140 |
| Tree of Ages | 1 | 320 | / | 180 |
| total: | 14 | 2370g | / | 850w |
| 0:06 | Wisp |
| 0:06 | Wisp |
| 0:06 | Wisp |
| 0:06 | Wisp |
| 0:06 | Wisp |
| 0:06 | Wisp |
| 0:07 | Wisp |
| 0:34 | Ancient of War |
| 1:28 | Moon Well |
| 1:32 | Altar of Elders |
| 2:20 | Archer |
| 2:21 | Archer |
| 2:21 | Archer |
| 2:21 | Archer |
| 2:26 | Moon Well |
| 2:44 | Moon Well |
| 3:16 | Wisp |
| 3:16 | Wisp |
| 3:20 | Moon Well |
| 3:24 | Moon Well |
| 3:43 | Hunter's Hall |
| 4:05 | Archer |
| 4:16 | Moon Well |
| 4:31 | Force of Nature |
| 4:34 | Moon Well |
| 5:41 | Ancient Protector |
| 5:45 | Ancient Protector |
| 5:56 | Moon Armor |
| 5:58 | Strength of the Moon |
| 5:59 | Ultravision |
| 7:53 | Archer |
| 7:53 | Archer |
| 7:53 | Archer |
| 7:53 | Archer |
| 7:57 | Tree of Ages |
| 8:06 | Huntress |
| 8:06 | Huntress |
| 8:26 | Ancient of War |
| 9:53 | Thorns Aura |
| 10:01 | Periapt of Vitality |
| 10:03 | Circlet of Nobility |
| 10:06 | Boots of Speed |
| 10:07 | Scroll of Healing |
| 10:08 | Potion of Lesser Invulnerability |
| 11:17 | Ancient of Wind |
| 11:26 | Improved Bows |
| 11:34 | Improved Strength of the Moon |
| 11:35 | Improved Moon Armor |
| 12:06 | Nerubian Warrior |
| Right click | 215 |
| Select | 163 |
| Misc. action | 88 |
| Build/train/purchase | 40 |
| Use ability | 8 |


| Rod of Necromancy | 1 | 150 |
| Potion of Healing | 1 | 150 |
| Scroll of Healing | 2 | 500 |
| Scroll of Town Portal | 1 | 350 |
| Potion of Lesser Invulnerability | 1 | 150 |
| total: | 6 | 1300g |
| Acolyte | 8 | 600 | / | 0 |
| Ghoul | 3 | 360 | / | 0 |
| Crypt Fiend | 9 | 1935 | / | 360 |
| Obsidian Statue | 2 | 400 | / | 70 |
| Abomination | 1 | 240 | / | 70 |
| total: | 23 | 3535g | / | 500w |
| Spirit Tower | 1 | 145 | / | 40 |
| Crypt | 1 | 200 | / | 50 |
| Graveyard | 1 | 215 | / | 0 |
| Altar of Darkness | 1 | 180 | / | 50 |
| Ziggurat | 6 | 900 | / | 300 |
| Tomb of Relics | 1 | 130 | / | 30 |
| Necropolis | 1 | 225 | / | 0 |
| Slaughterhouse | 1 | 140 | / | 135 |
| Boneyard | 1 | 175 | / | 200 |
| Halls of the Dead | 3 | 960 | / | 630 |
| Black Citadel | 5 | 1625 | / | 1150 |
| total: | 13 | 2165g | / | 765w |
| 0:02 | Acolyte |
| 0:08 | Crypt |
| 0:12 | Graveyard |
| 0:18 | Acolyte |
| 0:18 | Acolyte |
| 0:41 | Altar of Darkness |
| 0:56 | Ziggurat |
| 1:09 | Ghoul |
| 1:09 | Ghoul |
| 1:24 | Tomb of Relics |
| 1:47 | Crypt Fiend |
| 1:59 | Ziggurat |
| 2:21 | Crypt Fiend |
| 2:21 | Crypt Fiend |
| 2:45 | Rod of Necromancy |
| 3:10 | Death Coil |
| 3:15 | Halls of the Dead |
| 3:26 | Ghoul |
| 3:39 | Crypt Fiend |
| 4:06 | Ziggurat |
| 4:17 | Crypt Fiend |
| 4:46 | Creature Attack |
| 4:59 | Crypt Fiend |
| 5:19 | Unholy Aura |
| 6:17 | Slaughterhouse |
| 6:20 | Black Citadel |
| 6:28 | Acolyte |
| 6:39 | Frost Nova |
| 6:43 | Black Citadel |
| 7:25 | Crypt Fiend |
| 7:27 | Obsidian Statue |
| 7:53 | Crypt Fiend |
| 8:04 | Potion of Healing |
| 8:19 | Necropolis |
| 8:43 | Ziggurat |
| 9:02 | Creature Carapace |
| 9:42 | Scroll of Healing |
| 9:50 | Acolyte |
| 9:50 | Acolyte |
| 9:50 | Acolyte |
| 9:51 | Acolyte |
| 10:36 | Obsidian Statue |
| 10:41 | Frost Armor |
| 11:02 | Improved Creature Attack |
| 11:06 | Ziggurat |
| 11:08 | Ziggurat |
| 11:21 | Destroyer Form |
| 11:24 | Abomination |
| 11:27 | Crypt Fiend |
| 11:29 | Web |
| 12:31 | Scroll of Healing |
| 12:32 | Potion of Lesser Invulnerability |
| 12:32 | Scroll of Town Portal |
| 12:44 | Boneyard |
| 12:53 | Spirit Tower |
| Select group | 2129 |
| Right click | 806 |
| Select | 369 |
| Misc. action | 191 |
| Build/train/purchase | 115 |
| Assign group | 30 |
| Use ability | 15 |
| Esc | 3 |
| Remove unit | 1 |
| Minimap ping | 1 |
⇛